cohdb
Replays
Latest Replays
All Replays
Popular Replays
Top Player Replays
Match Explorer
How It Works
Community
CoH3 Stats
Reddit
Sign in to upload your games and track your stats! →
Sign in with Steam
Match 42870592
Unlisted
Match 42870592
Overview
Messages
Build Orders
End
Construct Barracks
1⁄4-ton 4x4 Truck
Engineer Squad
Riflemen Squad
Riflemen Squad
Riflemen Squad
Construct Medical Station
Mechanized Support Center
Construct Motor Pool
M24 Chaffee Light Tank
Grenade Package
Salvage Crew
Improvised Armor
Designate Forward Repair Station
Selects Armored Battlegroup
Selects Veteran Crews
Selects M31 Recovery Vehicle
Selects War Machine
M31 Recovery Vehicle
Spectre
pan_d_k
BUBBA_ACTUAL
JollyRedRockett
0
0
Comments
sign in to comment!
No comments posted yet!